 Dungeon Crawl Stone Soup version 0.21-a0-426-g98080a9 (webtiles) character file.

282 zorance the Shield-Bearer (level 6, 0/51 HPs)
             Began as a Minotaur Fighter on Nov 7, 2017.
             Slain by a white imp (2 damage)
             ... summoned by Natasha
             ... on level 3 of the Dungeon.
             The game lasted 00:06:27 (2463 turns).

zorance the Shield-Bearer (Minotaur Fighter)        Turns: 2463, Time: 00:06:29

Health: 0/51       AC:  6    Str: 22    XL:     6   Next: 6%
Magic:  5/5        EV:  7    Int:  5    God:
Gold:   143        SH:  9    Dex: 10    Spells: 5/5 levels left

rFire    . . .     SeeInvis .   a - +0 war axe
rCold    . . .     Gourm    .   c - +0 shield
rNeg     . . .     Faith    .   b - +0 scale mail
rPois    .         Spirit   .   (helmet restricted)
rElec    .         Reflect  .   (no cloak)
rCorr    .         Harm     .   (no gloves)
MR       .....                  (no boots)
Stlth    ..........             v - amulet of rage
HPRegen  0.17/turn              (no ring)
MPRegen  0.09/turn              (no ring)

@: heavily drained
A: retaliatory headbutt, horns 2
a: Evoke Berserk Rage


You were on level 3 of the Dungeon.
You were not hungry.

You visited 1 branch of the dungeon, and saw 4 of its levels.

You collected 143 gold pieces.

Inventory:

Hand Weapons
 a - a +0 war axe (weapon)
 x - a +1 spear of flaming
Missiles
 h - 5 javelins (quivered)
Armour
 b - a +0 scale mail (worn)
 c - a +0 shield (worn)
Jewellery
 j - an uncursed amulet of harm
 v - an amulet of rage (around neck)
Wands
 u - a wand of iceblast (5/15)
Scrolls
 i - a scroll of remove curse
 m - a scroll of blinking {unknown}
 p - a scroll of amnesia {unknown}
 q - 2 scrolls of teleportation {unknown}
 r - 2 scrolls of enchant weapon
 y - a scroll of fog {unknown}
Potions
 e - 3 potions of lignification
 g - a potion of ambrosia {unknown}
 k - a potion of berserk rage {unknown}
 l - a potion of haste {unknown}
 n - a potion of flight {unknown}
 o - 2 potions of curing
 t - 2 potions of heal wounds
 w - 2 potions of brilliance {unknown}
Comestibles
 d - 3 fruits
 f - 3 bread rations
 s - 3 meat rations


   Skills:
 - Level 3.6(1.9) Fighting
 + Level 5.7(3.9) Axes
 - Level 3.6(1.9) Armour
 + Level 6.3(4.5) Shields


You had 5 spell levels left.
You didn't know any spells.

Dungeon Overview and Level Annotations

Branches:
Dungeon (4/15)
 Temple: D:4-7

Altars:
Makhleb
Uskayaw
The Shining One

Annotations:
D:3 Natasha


Innate Abilities, Weirdness & Mutations

You reflexively headbutt those who attack you in melee.
You have a pair of horns on your head.


Message History

The puff of frost hits you! Natasha claws you.
You closely miss Natasha.
Natasha is almost dead.
You closely miss the white imp. You hit the white imp.
You kill the white imp!
The white imp gestures at you. You block the puff of frost.
Natasha stares at you and mumbles some strange words.
The magic dart hits you!
* * * LOW HITPOINT WARNING * * *
The white imp gestures at you. The puff of frost hits you!
* * * LOW HITPOINT WARNING * * *
You closely miss Natasha.
Natasha is almost dead.
You hit the white imp but do no damage. Natasha claws you but does no damage.
The white imp hits you.
* * * LOW HITPOINT WARNING * * *
The white imp freezes you.
You die...

.. .# .. #..## #...#
#.#.## #.#h5# #.#@.#
#.#..# #.#..# #....##
#.....# #.....#
#.....#
#######.....##
########............#


You could see Natasha and a white imp.

Vanquished Creatures
  The ghost of soonmide the Chucker, an amateur OgHu (D:3)
  A hound (D:2)
  2 adders
  2 oozes (D:2)
  5 dart slugs
  A leopard gecko (D:1)
  8 bats
  2 giant cockroaches
  7 goblins
  7 hobgoblins
  7 jackals (D:1)
  4 kobolds
  A quokka (D:2)
  A ball python (D:2)
  5 frilled lizards
  8 rats
62 creatures vanquished.

Notes
Turn   | Place    | Note
-------+----------+-------------------------------------------
     0 | D:1      | zorance the Minotaur Fighter began the quest for the Orb.
     0 | D:1      | Reached XP level 1. HP: 19/19 MP: 0/0
    64 | D:1      | Reached skill level 4 in Shields
    64 | D:1      | Reached XP level 2. HP: 20/26 MP: 1/1
   313 | D:1      | Reached XP level 3. HP: 27/31 MP: 2/2
  1436 | D:2      | Reached XP level 4. HP: 39/39 MP: 3/3
  1458 | D:2      | Found a burning altar of Makhleb.
  1466 | D:2      | Reached skill level 5 in Shields
  1784 | D:3      | Found a hide-covered altar of Uskayaw.
  1834 | D:3      | Noticed soonmide's ghost (amateur OgHu)
  1859 | D:3      | Killed soonmide's ghost
  1859 | D:3      | Reached skill level 5 in Axes
  1859 | D:3      | Reached skill level 6 in Shields
  1859 | D:3      | Reached XP level 5. HP: 12/45 MP: 4/4
  1859 | D:3      | Reached XP level 6. HP: 14/51 MP: 5/5
  2120 | D:2      | Found a glowing golden altar of the Shining One.
  2455 | D:3      | Noticed Natasha
  2463 | D:3      | HP: 2/51 [white imp[Natasha] (1)]
  2463 | D:3      | Slain by a white imp

Vault maps used:
D:1:      evilmike_arrival_crescent, kennysheep_doodads,
          hangedman_feature_mirror
D:2:      tso_metal_star, first_bread, minmay_misc_feat_doors,
          makhleb_blood_cavern_becter
D:3:      eat_drink_and_be_merry_uskayaw, uniq_natasha
D:4:      minmay_temple_entry_water_ring, uniq_menkaure

Skill      XL: |  1  2  3  4 |
---------------+-------------+-----
Shields        | 4 6 |  6.3
Axes           | 3 4 5 |  5.7
Fighting       | |  3.6
Armour         | |  3.6

Action                   |  1- 3 |  4- 6 || total
-------------------------+-------+-------++-------
Melee: War axe           |   114 |    42 ||   156
       Headbutt          |    15 |    12 ||    27
       Spear             |     3 |    20 ||    23
  Use: Scroll            |     1 |     4 ||     5
       Potion            |       |     1 ||     1
  Eat: Chunk             |     2 |     3 ||     5
Armor: Scale mail        |    44 |    21 ||    65
Dodge: Dodged            |    28 |    14 ||    42
Block: Shield            |    63 |    43 ||   106

Table legend:
 A = Spawn XP
 B = Non-spawn XP
 C = Spawn XP percentage of total XP
 D = Spawn monster count
 E = Non-spawn monster count
 F = Spawn count percentage of total count
 G = Total turns spent on level
                    A         B        C        D         E        F      G
               +---------+---------+-------+---------+---------+-------+---------
         Total |       0 |     404 |   0.0 |       0 |      62 |   0.0 |  2463
               +---------+---------+-------+---------+---------+-------+---------
           D:1 |       0 |      57 |   0.0 |       0 |      31 |   0.0 |  1061
           D:2 |       0 |      99 |   0.0 |       0 |      23 |   0.0 |   854
           D:3 |       0 |     248 |   0.0 |       0 |       8 |   0.0 |   546
               +---------+---------+-------+---------+---------+-------+---------
